 Dungeon Crawl Stone Soup version 0.25.0-46-gbd7b0854d2 (webtiles) character file.

Game seed: 731041852753331489

31810 Dirian the Severer (level 13, -4/114 HPs)
             Began as a Minotaur Fighter on July 12, 2020.
             Was a High Priest of Makhleb.
             Slain by a 15-headed hydra (5 damage)
             ... on level 4 of the Lair of Beasts.
             The game lasted 00:23:05 (15972 turns).

Dirian the Severer (Minotaur Fighter)              Turns: 15972, Time: 00:23:05

Health: -4/114     AC: 20    Str: 30    XL:     13   Next: 28%
Magic:  18/18      EV:  7    Int:  5    God:    Makhleb [*****.]
Gold:   866        SH: 20    Dex: 12    Spells: 12/12 levels left

rFire    . . .     SeeInvis .   E - +5 war axe (freeze)
rCold    . . .     Gourm    .   c - +1 kite shield
rNeg     . . .     Faith    .   m - +0 plate armour
rPois    .         Spirit   .   b - +2 hat
rElec    .         Reflect  +   o - +0 cloak
rCorr    .         Harm     .   G - +0 pair of gloves
MR       +....                  (no boots)
Stlth    ..........             u - amulet of reflection
HPRegen  0.29/turn              l - ring of protection from magic
MPRegen  0.16/turn              B - +6 ring of strength

@: no status effects
A: retaliatory headbutt, horns 2
a: Minor Destruction, Lesser Servant of Makhleb, Major Destruction, Greater
Servant of Makhleb, Renounce Religion


You were on level 4 of the Lair of Beasts.
You worshipped Makhleb.
Makhleb was extremely pleased with you.
You were not hungry.

You visited 3 branches of the dungeon, and saw 17 of its levels.

You collected 923 gold pieces.
You spent 57 gold pieces at shops.

Inventory:

Hand Weapons
 n - a +3 scimitar of flaming
 A - a +4 war axe of freezing
 E - a +5 war axe of freezing (weapon)
Armour
 b - a +2 hat (worn)
 c - a +1 kite shield (worn)
 m - a +0 plate armour (worn)
 o - a +0 cloak (worn)
 G - a +0 pair of gloves (worn)
Jewellery
 f - an uncursed ring of flight
 l - a ring of protection from magic (left hand)
 u - an amulet of reflection (around neck)
 y - an uncursed ring of positive energy
 B - a +6 ring of strength (right hand)
Wands
 t - a wand of acid (31)
 v - a wand of digging (5)
 C - a wand of paralysis (8)
 D - a wand of enslavement (4)
 H - a wand of iceblast (30)
 L - a wand of flame (16)
Scrolls
 a - a scroll of magic mapping
 g - a scroll of immolation
 i - 10 scrolls of teleportation
 k - 5 scrolls of enchant armour
 p - 5 scrolls of fog
 r - 14 scrolls of identify
 x - 4 scrolls of remove curse
 J - a scroll of brand weapon
Potions
 d - 3 potions of might
 h - 2 potions of haste
 j - 3 potions of cancellation
 q - 3 potions of curing
 s - 3 potions of mutation
 w - 2 potions of heal wounds
 z - 2 potions of berserk rage {unknown}
 F - a potion of invisibility {unknown}
 I - a potion of lignification {unknown}
Comestibles
 e - 37 rations
 K - 2 chunks of flesh


   Skills:
 + Level 10.5 Fighting
 + Level 16.3 Axes
 + Level 11.1 Armour
 + Level 12.3 Shields
 * Level 8.6 Invocations


You had 12 spell levels left.
You didn't know any spells.
Your spell library contained the following spells:

 Spells                   Type           Power        Failure   Level  Hunger
 Beastly Appendage        Tmut           #.....       99%         1    ##.....
 Magic Dart               Conj           #...         99%         1    ##.....
 Shock                    Conj/Air       #...         99%         1    ##.....
 Blink                    Tloc           N/A          100%        2    ###....
 Call Imp                 Summ           #.......     100%        2    ###....
 Slow                     Hex            #.......     100%        2    ###....
 Sticks to Snakes         Tmut           #.......     100%        2    ###....
 Swiftness                Chrm/Air       #.......     100%        2    ###....
 Conjure Flame            Conj/Fire      #.......     100%        3    ####...
 Mephitic Cloud           Conj/Pois/Air  #.......     100%        3    ####...
 Spider Form              Tmut/Pois      #.........   100%        3    ####...
 Static Discharge         Conj/Air       #.......     100%        3    ####...
 Airstrike                Air            #.........   100%        4    #####..
 Ice Form                 Ice/Tmut       #.......     100%        4    #####..
 Blade Hands              Tmut           #.........   100%        5    ######.
 Lightning Bolt           Conj/Air       #.........   100%        5    ######.


Dungeon Overview and Level Annotations

Branches:
Dungeon (12/15)            Temple (1/1) D:6            Lair (4/6) D:11
 Shoals (0/4) Lair:3        Snake (0/4) Lair:4          Orc (0/2) D:10

Altars:
Ashenzari
Cheibriados
Dithmenos
Elyvilon
Fedhas
Gozag
Hepliaklqana
Kikubaaqudgha
Makhleb
Nemelex Xobeh
Okawaru
Qazlal
Ru
Sif Muna
Trog
Uskayaw
Vehumet
Wu Jian
Xom
Yredelemnul
Zin
The Shining One
Beogh

Shops:
D:5 ?   D:8 *

Annotations:
D:7 4 runed translucent doors


Innate Abilities, Weirdness & Mutations

You reflexively headbutt those who attack you in melee.
You have a pair of horns on your head.


Message History

The 15-headed hydra seems to slow down.
You freeze the 15-headed hydra.
The 15-headed hydra is severely wounded.
You block the 15-headed hydra's attack. x2; The 15-headed hydra bites you.
* * * LOW HITPOINT WARNING * * *
The 15-headed hydra bites you.
* * * LOW HITPOINT WARNING * * *
The 15-headed hydra bites you.
* * * LOW HITPOINT WARNING * * *
The 15-headed hydra bites you but does no damage. x3
You block the 15-headed hydra's attack.
The 15-headed hydra bites you but does no damage.
The 15-headed hydra bites you.
* * * LOW HITPOINT WARNING * * *
The 15-headed hydra bites you but does no damage.
The 15-headed hydra bites you.
* * * LOW HITPOINT WARNING * * *
The 15-headed hydra bites you!
* * * LOW HITPOINT WARNING * * *
The 15-headed hydra bites you.
You die...

#.............. #.......†......
##....#........ ###
###...##........ #####.##
##P#..###........
..#.#..######.....####P..#.#####
................#l.## ###.##.#.##
##P#...#<....####D..########.##..
######.......#.@##...#P.##.....#
##÷..........##P..PP....#.##
#.............##...P.###.##
##...........#.##.#..# ###
#............###[.####
#......[....###.#..#
P...........# ##...##
#..P.P######## #...# ...####
##...#


You could see a 15-headed hydra (slow) and a komodo dragon.

Vanquished Creatures
  Gastronok (D:12)
  A hydra (Lair:4)
  Harold (Lair:2)
  Nergalle (Lair:1)
  An unseen horror (D:11)
  A wizard (D:12)
  Pikel (D:7)
  2 ugly things (D:12)
  2 cyclopes
  4 elephants (Lair:4)
  A centaur zombie (D:12)
  5 black mambas
  Psyche (D:12)
  6 spiny frogs
  2 centaur skeletons (D:12)
  A rime drake (Lair:3)
  An efreet (D:12)
  A komodo dragon (D:11)
  3 meliai (D:12)
  A queen bee (D:12)
  2 trolls
  4 blink frogs (Lair:4)
  9 hippogriffs
  A human (D:7)
  A wyvern (D:12)
  25 yaks
  A shadow (D:12)
  A basilisk (Lair:1)
  3 hogs (D:7)
  A hungry ghost (D:9)
  20 water moccasins
  An acid dragon (D:11)
  A soldier ant (D:10)
  A slave (D:7)
  6 orc warriors
  4 porcupines
  A black bear (D:12)
  3 ice beasts
  4 sky beasts
  A phantom (D:8)
  4 ogres
  2 centaurs
  5 wolves (Lair:2)
  5 crocodiles
  2 big kobolds
  Blork the orc (D:6)
  12 bullfrogs
  A gnoll sergeant (D:7)
  A wyvern zombie (D:12)
  3 scorpions
  30 killer bees
  10 wights
  9 howler monkeys
  6 crimson imps
  A quasit (D:9)
  A bullfrog skeleton (D:10)
  6 orc wizards
  2 hounds
  2 jellies
  2 bullfrog zombies
  7 orc priests
  5 iguanas
  Terence (D:3)
  5 worker ants
  A hound skeleton (D:5)
  A worker ant zombie (D:8)
  14 gnolls
  A howler monkey skeleton (D:6)
  17 adders
  3 shadow imps
  A worm (D:3)
  4 dart slugs
  3 leopard geckos
  52 orcs
  2 ball pythons
  7 bats
  4 giant cockroaches
  7 goblins
  10 hobgoblins
  7 jackals
  2 quokkas
  6 frilled lizards
  18 kobolds
  10 rats
  2 fungi (Lair:4)
  2 plants (Lair:4)
424 creatures vanquished.

Vanquished Creatures (collateral kills)
  A hydra (Lair:3)
  A porcupine (Lair:3)
2 creatures vanquished.

Vanquished Creatures (others)
  3 slaves (D:7)
  A kobold (D:12)
  3 fungi (Lair:4)
  2 plants (Lair:4)
9 creatures vanquished.

Grand Total: 435 creatures vanquished

Notes
Turn   | Place    | Note
-------+----------+-------------------------------------------
     0 | D:1      | Dirian the Minotaur Fighter began the quest for the Orb.
     0 | D:1      | Reached XP level 1. HP: 19/19 MP: 0/0
    87 | D:1      | Reached XP level 2. HP: 25/27 MP: 1/1
   398 | D:1      | Reached skill level 3 in Axes
   417 | D:1      | Reached XP level 3. HP: 33/33 MP: 2/2
   914 | D:2      | You fall into a shaft and drop 2 floors!
  1019 | D:3      | Noticed Terence
  1067 | D:3      | Killed Terence
  1067 | D:3      | Reached skill level 4 in Axes
  1067 | D:3      | Reached XP level 4. HP: 38/40 MP: 3/3
  1222 | D:3      | HP: 2/40 [poisoned by a gnoll]
  1625 | D:3      | Reached XP level 5. HP: 44/46 MP: 4/4
  1728 | D:2      | Reached skill level 5 in Axes
  2057 | D:2      | Found a sacrificial altar of Ru.
  2674 | D:4      | Found a sparkling altar of Nemelex Xobeh.
  2965 | D:5      | Entered Level 5 of the Dungeon
  3176 | D:5      | Reached XP level 6. HP: 50/53 MP: 5/5
  3231 | D:5      | Reached skill level 6 in Axes
  3294 | D:5      | Found Noog's Magic Scroll Emporium.
  3297 | D:5      | Bought a scroll of teleportation for 36 gold pieces
  3338 | D:5      | Noticed an ice beast
  3347 | D:5      | Killed an ice beast
  3502 | D:5      | Reached skill level 5 in Armour
  3549 | D:5      | Reached skill level 7 in Axes
  3549 | D:5      | Reached XP level 7. HP: 52/60 MP: 6/6
  4014 | D:6      | Noticed Blork the orc
  4014 | D:6      | You fall into a shaft and drop 1 floor!
  4014 | D:7      | Noticed a hippogriff
  4034 | D:7      | Killed a hippogriff
  4034 | D:7      | Reached skill level 5 in Fighting
  4034 | D:7      | Reached skill level 8 in Axes
  4034 | D:7      | Reached skill level 5 in Shields
  4178 | D:7      | Noticed Pikel
  4201 | D:7      | Killed Pikel
  4201 | D:7      | Reached skill level 9 in Axes
  4201 | D:7      | Reached XP level 8. HP: 45/68 MP: 7/7
  4261 | D:7      | Reached skill level 10 in Axes
  4663 | D:7      | Found a huge runed translucent gate.
  4663 | D:7      | Found a huge runed translucent gate.
  4663 | D:7      | Found a huge runed translucent gate.
  4663 | D:7      | Noticed a manticore
  4663 | D:7      | Noticed a hippogriff
  4663 | D:7      | Noticed a hippogriff
  4663 | D:7      | Noticed a polar bear
  4663 | D:7      | Noticed a polar bear
  4663 | D:7      | Noticed a polar bear
  4664 | D:7      | Found a huge runed translucent gate.
  4664 | D:7      | Noticed a polar bear
  4664 | D:7      | Noticed a dream sheep
  4665 | D:7      | Noticed a manticore
  4849 | D:6      | Killed Blork the orc
  5067 | D:6      | Found a staircase to the Ecumenical Temple.
  5326 | Temple   | Entered the Ecumenical Temple
  5404 | Temple   | Became a worshipper of Makhleb the Destroyer
  5723 | D:7      | Reached XP level 9. HP: 72/75 MP: 8/8
  5727 | D:7      | Reached skill level 11 in Axes
  6553 | D:8      | Reached skill level 1 in Invocations
  6825 | D:8      | Reached * piety under Makhleb
  6825 | D:8      | Reached skill level 12 in Axes
  6935 | D:8      | Found Zikhluaru's Assorted Antiques.
  6941 | D:8      | Bought an emerald potion for 21 gold pieces
  7775 | D:9      | Reached XP level 10. HP: 82/84 MP: 9/11
  7848 | D:9      | Reached ** piety under Makhleb
  8111 | D:9      | Found an opulent altar of Gozag.
  8114 | D:9      | Found a basalt altar of Yredelemnul.
  8115 | D:9      | Found an ancient bone altar of Kikubaaqudgha.
  8564 | D:10     | Entered Level 10 of the Dungeon
  8766 | D:10     | Found a roughly hewn altar of Beogh.
  8772 | D:10     | Found a staircase to the Orcish Mines.
  8897 | D:10     | Reached *** piety under Makhleb
  9043 | D:10     | Reached skill level 13 in Axes
  9926 | D:11     | Killed an unseen horror
  9926 | D:11     | Reached XP level 11. HP: 69/94 MP: 13/13
 10073 | D:11     | Found a staircase to the Lair.
 10170 | D:11     | Reached skill level 5 in Invocations
 10431 | D:11     | Reached **** piety under Makhleb
 10855 | D:12     | Noticed Gastronok
 10856 | D:12     | Noticed a wizard
 10869 | D:12     | Killed a wizard
 10874 | D:12     | Killed Gastronok
 10874 | D:12     | Reached skill level 14 in Axes
 11050 | D:12     | Noticed Psyche
 11059 | D:12     | HP: 1/95 [acid (13)]
 11438 | D:12     | Killed Psyche
 11588 | D:12     | Reached skill level 10 in Shields
 11730 | D:12     | Reached skill level 10 in Armour
 12175 | D:12     | Noticed a white ugly thing
 12180 | D:12     | Noticed a white ugly thing
 12188 | D:12     | Killed a white ugly thing
 12192 | D:12     | Reached XP level 12. HP: 97/104 MP: 14/16
 12302 | D:12     | Noticed a deep troll earth mage
 12340 | Lair:1   | Entered Level 1 of the Lair of Beasts
 12487 | Lair:1   | Reached ***** piety under Makhleb
 12514 | Lair:1   | Reached skill level 15 in Axes
 12878 | Lair:1   | Noticed Nergalle
 12895 | Lair:1   | Killed Nergalle
 13454 | Lair:2   | Noticed Harold
 13459 | Lair:2   | Killed Harold
 13629 | Lair:2   | Found an ancient bone altar of Kikubaaqudgha.
 14447 | Lair:3   | Noticed a six-headed hydra
 14455 | Lair:3   | Killed a six-headed hydra
 14561 | Lair:3   | Found a staircase to the Shoals.
 14587 | Lair:3   | Reached skill level 10 in Fighting
 15255 | Lair:4   | Noticed a five-headed hydra
 15284 | Lair:4   | Killed a 14-headed hydra
 15284 | Lair:4   | Reached skill level 16 in Axes
 15284 | Lair:4   | Reached XP level 13. HP: 81/113 MP: 18/18
 15420 | Lair:4   | Found a staircase to the Snake Pit.
 15972 | Lair:4   | HP: 1/114 [15-headed hydra (10)]
 15972 | Lair:4   | Slain by a 15-headed hydra

Illustrated notes

Levels and vault maps discovered:
D:1:      ncdulo_wetmaze, layout_loops_ring
D:2:      layout_loops_cross, grunt_ministairs_2, minivault_25,
          nicolae_ru_the_path_less_chosen
D:3:      layout_loops_ring, first_ration, uniq_terence
D:4:      layout_basic, nemelex_xobeh_ov_fountains_minmay, serial_bayou_pond_c
D:5:      layout_gridville, serial_shops, kennysheep_mini
D:6:      layout_basic, minmay_temple_entry_fiery, uniq_blork_the_orc
D:7:      lemuel_bear_cage, layout_cave_pods, serial_rivers,
          chequers_serial_rivers_large_a, chequers_serial_rivers_micro_a,
          chequers_serial_rivers_micro_a, chequers_serial_rivers_micro_d,
          grunt_livestock, uniq_pikel
D:8:      layout_basic, serial_shops, nicolae_shop_stone
D:9:      layout_gridville, chequers_temple_overflow_statue_of_worship
D:10:     layout_layer_cave, david_orc_5
D:11:     layout_cross, lair_entry_dummy
D:12:     thingy_vault, layout_cave_pods, minivault_7, uniq_gastronok,
          uniq_psyche
Temple:   regret_index_temple_mists
Lair:1:   layout_gridlike, serial_bayou_crossing, grunt_megastairs_5,
          uniq_nergalle
Lair:2:   layout_hall_layers, basic_altar, uniq_harold
Lair:3:   layout_long_grid, shoals_dummy_entry
Lair:4:   layout_cave_pods, minmay_snake_entry_six_corridors

Skill      XL: |  1  2  3  4  5  6  7  8  9 10 11 12 13 |
---------------+----------------------------------------+-----
Armour         | 4 5 6 8 9 10 11 | 11.1
Shields        | 4 5 6 7 9 10 11 12 | 12.3
Fighting       | 4 5 6 7 9 10 | 10.5
Axes           | 3 4 5 7 9 10 12 13 14 16 | 16.3
Invocations    | 2 4 6 8 |  8.6

Action                   |  1- 3 |  4- 6 |  7- 9 | 10-12 | 13-15 || total
-------------------------+-------+-------+-------+-------+-------++-------
Melee: War axe           |    66 |   131 |   205 |   561 |   105 ||  1068
       Headbutt          |    15 |    22 |    40 |   126 |    24 ||   227
       Unarmed           |     9 |       |       |       |       ||     9
       Hand axe          |       |     4 |    87 |       |       ||    91
Invok: Lesser Servant of |       |       |       |     5 |       ||     5
  Use: Scroll            |       |     8 |    12 |     6 |       ||    26
       Potion            |       |       |       |     2 |       ||     2
  Eat: Chunk             |       |     9 |    11 |    26 |     2 ||    48
       Ration            |       |       |     1 |       |       ||     1
Armor: Scale mail        |    34 |    47 |     7 |       |       ||    88
       Chain mail        |       |       |    96 |    24 |       ||   120
       Plate armour      |       |       |       |   187 |    41 ||   228
Dodge: Dodged            |    24 |    43 |    66 |    82 |    14 ||   229
Block: Kite shield       |    37 |    75 |   158 |   411 |    81 ||   762
       Reflection        |       |       |       |    10 |       ||    10
